 Dungeon Crawl Stone Soup version 0.29.1-13-g9f3cf754e1 (webtiles) character file.

Game seed: 8215933195631991170

3578 booth the Slicer (level 9, -19/65 HPs)
             Began as a Demonspawn Enchanter on Jan 21, 2023.
             Was a Follower of Sif Muna.
             Killed from afar by Erica (24 damage)
             ... with a bolt of poison
             ... on level 8 of the Dungeon on Jan 22, 2023.
             The game lasted 00:59:56 (7584 turns).

booth the Slicer (Demonspawn Enchanter)             Turns: 7584, Time: 00:59:57

Health: -19/65     AC:  9    Str:  9    XL:     9   Next: 84%
Magic:  0/12       EV: 17    Int: 21    God:    Sif Muna [*.....]
Gold:   260        SH:  0    Dex: 15    Spells: 0/12 levels left

rFire   . . .      SeeInvis .   j - +11 rapier of War {spect, Fragile rC+ Dex+2}
rCold   + . .      Faith    .   (no shield)
rNeg    . . .      Spirit   +   b - +2 robe
rPois   .          Reflect  .   (helmet restricted)
rElec   .          Harm     .   f - +2 cloak
rCorr   .          Rampage  .   J - +1 pair of gloves
Will    .....                   (no boots)
Stlth   +++.......              (no amulet)
HPRegen 0.20/turn               g - +4 ring of evasion
MPRegen 0.26/turn               (no ring)

@: lethally poisoned (-19 -> -32), slowed, very slow
A: antennae 1, demonic guardian 1, magic shield, magic regeneration, sturdy
frame 1
a: Renounce Religion, Channel Magic


You were on level 8 of the Dungeon.
You worshipped Sif Muna.
Sif Muna was aware of your devotion.
You visited 2 branches of the dungeon, and saw 9 of its levels.
You also visited: Sewer.

You collected 335 gold pieces.
You spent 75 gold pieces at shops.

Inventory:

Hand Weapons
 j - the +11 rapier of War (weapon) {spect, Fragile rC+ Dex+2}
   (You found it on level 2 of the Dungeon)

   When its wielder attacks, the weapon's spirit leaps out and strikes again.
   The spirit shares a part of any damage it takes with its wielder.
   Dex:       It affects your dexterity (+2).
   rC:        It protects you from cold.
   Fragile:   It will be destroyed if unequipped.
 I - a +0 flail
 L - a +2 dagger of freezing
 N - a +4 war axe
Missiles
 n - 18 poisoned darts (quivered)
 p - a curare-tipped dart
 z - a silver boomerang
 A - 2 boomerangs
 H - a throwing net
Armour
 b - a +2 robe (worn)
 f - a +2 cloak (worn)
 k - a +0 leather armour
 J - a +1 pair of gloves (worn)
Jewellery
 g - a +4 ring of evasion (left hand)
 w - a ring of ice
Wands
 h - a wand of iceblast (14)
Scrolls
 d - a scroll of amnesia
 o - 2 scrolls of teleportation
 s - a scroll of fear {unknown}
 t - a scroll of immolation {unknown}
 x - a scroll of brand weapon {unknown}
 y - 2 scrolls of blinking
 B - 2 scrolls of vulnerability
 D - 2 scrolls of fog
 G - a scroll of magic mapping {unknown}
Potions
 a - a potion of attraction
 c - 6 potions of invisibility
 e - a potion of experience {unknown}
 i - 4 potions of curing
 l - a potion of haste
 m - 4 potions of brilliance
 q - 3 potions of mutation
 r - a potion of might {unknown}
 v - 2 potions of degeneration {unknown}
 C - a potion of resistance {unknown}
 E - a potion of cancellation {unknown}
 F - a potion of lignification {unknown}
 M - 2 potions of magic {unknown}


   Skills:
 + Level 3.9 Fighting
 + Level 8.5 Short Blades
 + Level 2.0 Throwing
 - Level 4.0 Dodging
 - Level 5.1 Stealth
 + Level 2.4 Spellcasting
 * Level 3.2 Conjurations
 * Level 6.5 Hexes
 + Level 0.7 Ice Magic
 * Level 1.8 Invocations


You couldn't memorise any spells.
You knew the following spells:

 Your Spells              Type           Power      Damage    Failure   Level
a - Ensorcelled Hibernat  Hex/Ice        34%        N/A       4%          2
b - Confusing Touch       Hex            30%        N/A       2%          3
c - Sting                 Tmut/Pois      8%         1d3       14%         1
d - Tukima's Dance        Hex            30%        N/A       2%          3
e - Dazzling Flash        Conj/Hex       46%        N/A       5%          3

Your spell library contained the following spells:

 Spells                   Type           Power      Damage    Failure   Level
 Poisonous Vapours        Pois/Air       4%         N/A       22%         2
 Conjure Flame            Conj/Fire      9%         6-21      22%         3
 Ignite Poison            Fire/Tmut/Pois 2%         N/A       38%         3
 Sticky Flame             Conj/Fire      9%         2d3       58%         4
 Olgreb's Toxic Radiance  Pois           2%         N/A       80%         4
 Summon Lightning Spire   Summ/Air       2%         N/A       80%         4
 Storm Form               Tmut/Air       1%         N/A       100%        7
 Maxwell's Capacitive Co  Air            1%         ∞         100%        8


Dungeon Overview and Level Annotations

Branches:
Dungeon (8/15)             Temple (1/1) D:4           Sewer (visited)
   Lair: D:8-11

Altars:
Ashenzari
Cheibriados
Dithmenos
Fedhas
Gozag
Hepliaklqana
Kikubaaqudgha
Nemelex Xobeh
Okawaru
Qazlal
Ru
Sif Muna
Trog
Uskayaw
Vehumet
Wu Jian
Xom
Yredelemnul

Shops:
D:2 =   D:4 *

Annotations:
D:8 Erica


Innate Abilities, Weirdness & Mutations

You have a pair of small antennae on your head.
A weak demonic guardian rushes to your aid.
When hurt, damage is shared between your health and your magic reserves.
You regenerate magic rapidly.
Your movements are slightly less encumbered by armour. (ER -2)


Message History

You feel yourself slow down.
You bump into the rock wall.
Something hits you!
A demonic guardian appears!
Something burns you.
You're too confused to move!
You feel less confused.
You hear a zap.
Something tries to affect you, but you resist.
Something barely misses you.
You hear some strange, mumbled words.
A lance of force appears from out of thin air!
The lance of force hits you!
You are knocked back by the lance of force.
You slam into the rock wall!
Something hits your quasit. Something burns your quasit.
Something hits your quasit. Something burns your quasit.
You hear some strange, mumbled words.
A bolt of poison appears from out of thin air!
The bolt of poison hits your quasit!
Your quasit is poisoned.
Your quasit dies!
Your quasit disappears in a puff of smoke!
The bolt of poison misses you.
You puncture something! Something barely misses you. Something hits you!
Something burns you. Something hits you!
* * * LOW HITPOINT WARNING * * *
Something burns you.
* * * LOW HITPOINT WARNING * * *
Something hits you!
* * * LOW HITPOINT WARNING * * *
A demonic guardian appears!
Something burns you. Something barely misses you.
You puncture something!
Your +11 rapier of War {spect, Fragile rC+ Dex+2} completely misses something.
Something hits you but does no damage.
You hear some strange, mumbled words.
A bolt of poison appears from out of thin air!
The bolt of poison hits you!!
You are lethally poisoned!
You die...

###### ###
#.##.#####@#####
#.##.....5({...#
#....#########.#
#.####.......#.#
#.....# ###.#.# ##
#####.## #.....#
.##########..#...#.###
.'............>..... {
.###########.#.###...


You could see a friendly +11 rapier of War {spect, Fragile rC+ Dex+2} (summoned)
and a friendly ufetubus (summoned).

Vanquished Creatures
  Pikel (D:7)
  The ghost of GigaChad the Chopper, a novice MiFi of Hepliaklqana (D:4)
  Grinder (D:4)
  Eustachio (D:6)
  A steam dragon (D:7)
  A water moccasin (D:6)
  2 sky beasts (D:7)
  An orc warrior (D:7)
  2 ogres
  2 centaurs
  A phantom (D:5)
  4 kobold brigands (Sewer)
  A lemure (D:7)
  A necrophage (D:6)
  A scorpion (D:6)
  A bullfrog (D:6)
  2 gnoll sergeants (D:6)
  3 wights (D:7)
  2 hounds (D:5)
  2 gnoll boudas (D:6)
  3 orc priests
  3 iguanas
  A jelly (D:5)
  2 orc wizards
  11 adders
  11 gnolls
  A river rat (Sewer)
  3 shadow imps
  2 white imps
  4 worms
  4 dart slugs
  23 orcs
  5 ball pythons
  3 bats
  8 endoplasms
  6 giant cockroaches
  8 goblins
  4 hobgoblins
  6 jackals
  10 kobolds
  5 quokkas
  2 frilled lizards (D:3)
  7 rats
163 creatures vanquished.

Vanquished Creatures (collateral kills)
  A gnoll (D:6)
  3 kobolds
  A rat (D:2)
5 creatures vanquished.

Vanquished Creatures (others)
  14 plants (D:6)
14 creatures vanquished.

Grand Total: 182 creatures vanquished

Notes
Turn   | Place    | Note
-------+----------+-------------------------------------------
     0 | D:1      | booth the Demonspawn Enchanter began the quest for the Orb.
     0 | D:1      | Reached XP level 1. HP: 13/13 MP: 3/3
   194 | D:1      | Reached skill level 1 in Short Blades
   194 | D:1      | Gained mutation: A weak demonic guardian rushes to your
                  | aid. [demonic ancestry]
   194 | D:1      | Reached XP level 2. HP: 12/19 MP: 5/5
   337 | D:1      | Learned a level 2 spell: Ensorcelled Hibernation
   992 | D:1      | Reached XP level 3. HP: 8/24 MP: 0/6
  1642 | D:2      | Identified the +11 rapier of War {spect, Fragile rC+ Dex+2}
  1667 | D:2      | Learned a level 3 spell: Confusing Touch
  1735 | D:2      | Found Fypruasa's Jewellery Shop.
  1741 | D:2      | Learned a level 1 spell: Sting
  1765 | D:2      | Reached skill level 2 in Short Blades
  1820 | D:2      | Reached XP level 4. HP: 27/30 MP: 7/7
  2157 | D:3      | Found a glowing drain.
  2177 | Sewer    | Entered a sewer
  2181 | Sewer    | Noticed a kobold brigand
  2189 | Sewer    | Killed a kobold brigand
  2190 | Sewer    | Gained mutation: You regenerate magic rapidly. [demonic
                  | ancestry]
  2190 | Sewer    | Reached XP level 5. HP: 28/36 MP: 8/8
  2296 | Sewer    | Reached skill level 1 in Fighting
  2340 | Sewer    | Reached skill level 3 in Short Blades
  2388 | Sewer    | Gained mutation: Your movements are slightly less
                  | encumbered by armour. (ER -2) [demonic ancestry]
  2388 | Sewer    | Reached XP level 6. HP: 38/43 MP: 9/9
  2691 | D:3      | Found a faded altar of an unknown god.
  2818 | D:3      | Reached skill level 4 in Short Blades
  2818 | D:3      | Reached XP level 7. HP: 48/48 MP: 10/10
  2829 | D:3      | Learned a level 3 spell: Tukima's Dance
  3090 | D:4      | Noticed Grinder
  3097 | D:4      | Killed Grinder
  3344 | D:4      | Reached skill level 5 in Short Blades
  3416 | D:4      | Found a blossoming altar of Fedhas.
  3529 | D:4      | Found a staircase to the Ecumenical Temple.
  3540 | Temple   | Entered the Ecumenical Temple
  3550 | Temple   | Became a worshipper of Sif Muna the Loreminder
  3881 | D:4      | Found Cegarcho's General Store.
  3884 | D:4      | Bought a scroll of enchant armour for 75 gold pieces
  3921 | D:4      | Found a large runed translucent door.
  3921 | D:4      | Found a large runed translucent door.
  3923 | D:4      | Noticed GigaChad's ghost (novice MiFi)
  4201 | D:4      | Killed GigaChad's ghost
  4202 | D:4      | Reached skill level 6 in Short Blades
  4202 | D:4      | Reached skill level 5 in Hexes
  4202 | D:4      | Gained mutation: When hurt, damage is shared between your
                  | health and your magic reserves. [demonic ancestry]
  4202 | D:4      | Reached XP level 8. HP: 57/57 MP: 11/11
  4232 | D:5      | Entered Level 5 of the Dungeon
  5226 | D:6      | Reached skill level 5 in Stealth
  5238 | D:6      | Noticed Eustachio
  5261 | D:5      | Reached skill level 7 in Short Blades
  5261 | D:5      | Reached skill level 1 in Throwing
  5555 | D:6      | Found a sacrificial altar of Ru.
  5647 | D:6      | Gained mutation: You have a pair of small antennae on your
                  | head. [demonic ancestry]
  5647 | D:6      | Reached XP level 9. HP: 62/62 MP: 12/12
  5755 | D:6      | Learned a level 3 spell: Dazzling Flash
  5788 | D:6      | Reached * piety under Sif Muna
  6113 | D:6      | Reached skill level 1 in Conjurations
  6393 | D:6      | Killed Eustachio
  6466 | D:7      | Noticed Pikel
  6917 | D:7      | Reached skill level 8 in Short Blades
  7164 | D:7      | Killed Pikel
  7165 | D:7      | Reached skill level 1 in Invocations
  7443 | D:8      | Found a hide-covered altar of Uskayaw.
  7558 | D:8      | Noticed Erica
  7584 | D:8      | Killed from afar by Erica

Illustrated notes

Levels and vault maps discovered:
D:1:      wander_arrival_chamber, layout_rooms
D:2:      layout_basic, serial_shops, shop, kennysheep_decorative_pillar
D:3:      layout_basic, portal_sewer_entry_f,
          hellmonk_ecumenical_altar_dog_temple
D:4:      layout_cave_pods, mainiacjoe_overflow_small_starburst,
          minmay_temple_entry_grid, serial_shops, kennysheep_mini,
          ebering_ghost_disaster_area, minmay_vboxes, uniq_grinder
D:5:      layout_cave_pods
D:6:      layout_rooms, nicolae_ru_sacrificial_ziggurat, nicolae_grassy_gnolls,
          uniq_eustachio
D:7:      layout_rooms, uniq_pikel
D:8:      layout_basic, mainiacjoe_overflow_tiny_flanked,
          nicolae_figureground_pulse, uniq_erica
Temple:   compressed_dpeg_circular_temple

Skill      XL: |  1  2  3  4  5  6  7  8  9 |
---------------+----------------------------+-----
Short Blades   | 1 2 3 4 6 7 8 |  8.5
Stealth        | 3 4 5 |  5.1
Dodging        | 2 3 4 |  4.0
Fighting       | 1 2 3 |  3.9
Hexes          | 4 5 6 |  6.5
Throwing       | 1 2 |  2.0
Conjurations   | 3 |  3.2
Invocations    | 1 |  1.8
Spellcasting   | |  2.4
Ice Magic      | |  0.7

Action                   |  1- 3 |  4- 6 |  7- 9 || total
-------------------------+-------+-------+-------++-------
Melee: Dagger            |   109 |       |       ||   109
       Punch             |     3 |       |     2 ||     5
       Rapier            |     8 |    72 |   152 ||   232
Throw: Dart              |       |     1 |    14 ||    15
 Cast: Ensorcelled Hiber |     7 |       |     1 ||     8
       Confusing Touch   |       |       |     1 ||     1
  Use: Scroll            |       |     5 |    15 ||    20
       Potion            |       |     2 |     3 ||     5
 Stab: Sleeping          |     5 |     3 |     4 ||    12
       Distracted        |       |       |     1 ||     1
       Confused          |       |       |     1 ||     1
Armor: Robe              |    47 |    12 |    33 ||    92
Dodge: Dodged            |    58 |    39 |   129 ||   226
